 Dungeon Crawl Stone Soup version 0.30-a0-782-ge64f9170bb (webtiles) character file.

Game seed: 14028284338476286529

321 HoaS the Shooter (level 6, -10/48 HPs)
             Began as a Demigod Hunter on Mar 15, 2023.
             Mangled by a black bear (11 damage)
             ... on level 4 of the Dungeon.
             The game lasted 00:04:05 (2975 turns).

HoaS the Shooter (Demigod Hunter)                   Turns: 2975, Time: 00:04:06

Health: -10/48     AC:  3    Str: 12    XL:     6   Next: 1%
Magic:  8/8        EV: 12    Int: 11    God:
Gold:   212        SH:  0    Dex: 25    Spells: 5/5 levels left

rFire   . . .      SeeInvis .    a - +0 shortbow
rCold   . . .      Faith    .    (shield currently unavailable)
rNeg    . . .      Spirit   .    c - +0 leather armour
rPois   .          Reflect  .    (no helmet)
rElec   .          Harm     .    (no cloak)
rCorr   .          Rampage  .    (no gloves)
Will    .....                    (no boots)
Stlth   ++                       g - amulet of regeneration
HPRegen 1.08/turn                (no ring)
MPRegen 0.11/turn                (no ring)

@: no status effects
A: high MP 1, forlorn, divine attributes
a: no special abilities


You were on level 4 of the Dungeon.
You visited 1 branch of the dungeon, and saw 4 of its levels.

You collected 212 gold pieces.

Inventory:

Hand Weapons
 a - a +0 shortbow (weapon)
Armour
 c - a +0 leather armour (worn)
Jewellery
 g - an amulet of regeneration (around neck)
Wands
 j - a wand of quicksilver (6)
Scrolls
 b - a scroll of immolation
 e - a scroll of identify
Potions
 d - 2 potions of haste
 f - 3 potions of lignification
 h - a potion of ambrosia
 i - a potion of resistance


   Skills:
 - Level 1.7 Fighting
 + Level 6.9 Ranged Weapons
 - Level 1.7 Dodging
 - Level 0.8 Stealth


You had 5 spell levels left.
You didn't know any spells.
Your spell library contained the following spells:

 Spells                   Type           Power      Damage    Failure   Level
 Apportation              Tloc           0%         N/A       41%         1
 Necrotise                Necr           0%         1d4       41%         1
 Summon Small Mammal      Summ           0%         N/A       41%         1


Dungeon Overview and Level Annotations

Branches:
Dungeon (4/15)             Temple (0/1) D:4

Annotations:
D:3 1 runed translucent door, dunno567's ghost, amateur HuAE


Innate Abilities, Weirdness & Mutations

You have an increased reservoir of magic. (+10% MP)
You shall have no god before yourself.
Your divine heritage dramatically boosts your attributes as you level up.


Message History

There is an open door here.
As you open the door, it creaks loudly!
There is an open door here.
You open the door.
There is an open door here.
You open the door.
A black bear comes into view.
The black bear growls angrily.
A black bear is nearby!
You shoot an arrow. The arrow barely misses the black bear.
You shoot an arrow. The arrow hits the black bear!
The black bear is heavily wounded.
The black bear bites you. The black bear barely misses you.
The black bear claws you.
You shoot an arrow. The arrow hits the black bear.
The black bear is heavily wounded.
The black bear closely misses you. x2; The black bear claws you.
You shoot an arrow. The arrow hits the black bear!
The black bear is severely wounded.
The black bear goes berserk!
The black bear bites you! The black bear claws you.
The black bear barely misses you.
You shoot an arrow. The arrow hits the black bear.
The black bear is almost dead.
You hear an angry growl.
The black bear barely misses you. The black bear claws you. x2
You are too injured to fight recklessly!
You shoot an arrow. The arrow barely misses the black bear.
The black bear bites you. The black bear misses you.
The black bear closely misses you. The black bear bites you!
The black bear claws you.
* * * LOW HITPOINT WARNING * * *
The black bear completely misses you.
You shoot an arrow. The arrow hits the black bear.
The black bear is almost dead.
The black bear closely misses you. The black bear claws you.
* * * LOW HITPOINT WARNING * * *
The black bear claws you.
* * * LOW HITPOINT WARNING * * *
The black bear bites you!
You die...

#####..#....~~~
#####.##'##.....~~
#..#......#......ยง #
#..#......'....#.. #.
#..#......#....#.. #..
#..'.....)#....#.. #...
#..##.##+##....#..
#....##'##.#.......##..
#....h@....#.......#...
#....#.....#.......'...
#... #####+#.......#...
.... ........#### ...
.####...)... ..
#....... . +.......
#....... #.......


You could see a black bear (berserk).

Vanquished Creatures
  Sigmund (D:4)
  An iguana (D:4)
  An orc wizard (D:3)
  4 adders
  3 worms
  2 dart slugs
  7 orcs (D:3)
  3 ball pythons
  5 endoplasms
  3 giant cockroaches
  3 hobgoblins (D:1)
  2 jackals (D:1)
  A quokka (D:1)
  8 bats
  3 frilled lizards
  7 goblins
  5 kobolds
  2 rats (D:1)
61 creatures vanquished.

Notes
Turn   | Place    | Note
-------+----------+-------------------------------------------
     0 | D:1      | HoaS the Demigod Hunter began the quest for the Orb.
     0 | D:1      | Reached XP level 1. HP: 17/17 MP: 3/3
   292 | D:1      | Reached skill level 4 in Ranged Weapons
   307 | D:1      | Reached XP level 2. HP: 24/24 MP: 4/4
   855 | D:2      | Reached XP level 3. HP: 29/29 MP: 5/5
   919 | D:2      | Reached skill level 5 in Ranged Weapons
  1772 | D:3      | Found a runed translucent door.
  1774 | D:3      | Noticed dunno567's ghost (amateur HuAE)
  2029 | D:3      | Reached XP level 4. HP: 33/36 MP: 6/6
  2600 | D:4      | Found a staircase to the Ecumenical Temple.
  2734 | D:4      | Noticed Sigmund
  2745 | D:4      | Killed Sigmund
  2746 | D:4      | Reached skill level 6 in Ranged Weapons
  2746 | D:4      | Reached XP level 5. HP: 41/41 MP: 7/7
  2930 | D:4      | Reached XP level 6. HP: 48/48 MP: 8/8
  2975 | D:4      | HP: 1/48 [black bear (6)]
  2975 | D:4      | Mangled by a black bear

Illustrated notes

Levels and vault maps discovered:
D:1:      minmay_arrival_wavy_path, layout_basic, minmay_misc_feat_doors
D:2:      layout_loops_ring, serial_forest, infiniplex_forest_straight_2,
          infiniplex_forest_straight_1, infiniplex_forest_lined_ring,
          infiniplex_forest_3_way, infiniplex_forest_straight_2,
          infiniplex_forest_lined_2, infiniplex_forest_clump_C
D:3:      layout_basic, ebering_ghost_sewer_d
D:4:      layout_gridville, trog_ov_bears_minmay, minmay_temple_entry_mist,
          nrook_uturn, minmay_puff, uniq_sigmund

Skill      XL: |  1  2  3  4 |
---------------+-------------+-----
Ranged Weapons | 4 5 6 |  6.9
Fighting       | |  1.7
Dodging        | |  1.7
Stealth        | |  0.8

Action                     |  1- 3 |  4- 6 || total
---------------------------+-------+-------++-------
  Melee: Unarmed           |       |     2 ||     2
   Fire: Shortbow          |    97 |    58 ||   155
    Use: Scroll            |    10 |       ||    10
         Potion            |       |     1 ||     1
 Armour: Leather armour    |     5 |     2 ||     7
         Skin              |       |     1 ||     1
  Dodge: Dodged            |    16 |    15 ||    31

Table legend: (Time is in decaauts)
 A = Elapsed time spent in this place.
 B = Non-inter-level travel time spent in this place.
 C = Inter-level travel time spent in this place.
 D = Time resting spent in this place.
 E = Time spent auto-exploring this place.
 F = Levels seen in this place.
 G = Mean time per level.
                   A        B        C        D        E       F      G
               +--------+--------+--------+--------+--------+-----+--------+
         Total |   3018 |   2924 |     94 |    226 |   2340 |   4 |  754.5 |
       Dungeon |   3018 |   2924 |     94 |    226 |   2340 |   4 |  754.5 |
               +--------+--------+--------+--------+--------+-----+--------+

Top non-repeatable levels by time:
     D:3: 1037 daAuts
     D:1: 827 daAuts
     D:2: 694 daAuts
     D:4: 460 daAuts
